[Event "Titled Tuesday Blitz October 31 Late 2023"]
[White "Rose, Felix"]
[Black "D`Arruda, Ricardo D."]
[WhiteFideId "5105722"]
[BlackFideId "100692"]
[WhiteElo "2336"]
[BlackElo "2525"]
[Result "0-1"]
[Round "2"]
[TimeControl "180+1"]
[Date "2023.10.31"]
[WhiteClock "0:00:16"]
[BlackClock "0:00:49"]
[Board "118"]

1. e4 c5 2. Nf3 Nc6 3. d4 cxd4 4. Nxd4 e5 5. Nb5 a6 6. Nd6+ Bxd6 7. Qxd6 Qe7 8. Qxe7+ Ngxe7 9. Nc3 Nb4 10. Bd3 d5 11. Nxd5 Nxd3+ 12. cxd3 Nxd5 13. exd5 Bf5 14. O-O O-O-O 15. f4 Bxd3 16. Rd1 e4 17. f5 Rxd5 18. Bf4 Kd7 19. Rac1 Rc8 20. Rxc8 Kxc8 21. Rc1+ Kd8 22. g4 f6 23. Kf2 Bb5 24. Rc7 Rd7 25. Rc5 Bc6 26. g5 Rd3 27. Be3 Kd7 28. h4 Kd6 29. b4 Rd5 30. Bf4+ Kd7 31. Ke3 Rd3+ 32. Ke2 Rh3 33. gxf6 gxf6 34. Be3 Rxh4 35. Bd4 Rh6 36. Ke3 Rh3+ 37. Ke2 Ke7 38. a4 Rb3 39. Rc1 Kf7 40. b5 axb5 41. axb5 Rxb5 42. Rh1 Rxf5 43. Rxh7+ Ke6 44. Rh6 Rf3 45. Kd2 b5 46. Ke2 b4 47. Rh8 b3 48. Rb8 Kd5 49. Be3 f5 50. Rxb3 f4 51. Rb8 Rxe3+ 52. Kd2 Ra3 53. Rf8 f3 54. Rf6 Bb5 55. Rf5+ Kc4 56. Re5 Bc6 57. Re6 Bd5 58. Re8 Kd4 59. Kc2 Ra2+ 60. Kb1 f2 61. Rf8 e3 62. Rf4+ Kd3 63. Rf8 Rd2 64. Ka1 e2 65. Rf3+ Bxf3 66. Kb1 e1=Q# 0-1


[Site "https://www.chess.com"]

[Event "Titled Tuesday Blitz October 31 Late 2023"]
[White "Senft, Sean"]
[Black "Seferov, Ismail"]
[WhiteFideId "2044960"]
[BlackFideId "34240780"]
[WhiteElo "2335"]
[BlackElo "2524"]
[Result "0-1"]
[Round "2"]
[TimeControl "180+1"]
[Date "2023.10.31"]
[WhiteClock "0:00:36"]
[BlackClock "0:01:50"]
[Board "119"]

1. d4 Nf6 2. c4 g6 3. Nc3 Bg7 4. e4 O-O 5. f4 d6 6. Nf3 c5 7. d5 e6 8. Be2 exd5 9. exd5 Re8 10. O-O Bf5 11. Bd3 Bxd3 12. Qxd3 Na6 13. f5 Nb4 14. Qb1 Ng4 15. Bg5 Bf6 16. Bxf6 Qxf6 17. a3 Na6 18. Qd3 Nc7 19. Rae1 Rxe1 20. Rxe1 Re8 21. Rxe8+ Nxe8 22. fxg6 hxg6 23. Qe4 Ne5 24. Nxe5 dxe5 25. Qf3 Qe7 26. Kf2 Nd6 27. b3 f5 28. Nb5 Ne4+ 29. Kg1 Qg5 30. h3 Ng3 31. d6 Qc1+ 32. Kf2 Ne4+ 33. Ke2 Qc2+ 34. Ke1 Qd2+ 35. Kf1 a6 36. Nc3 Nxc3 37. d7 Ne4 38. g4 Qxd7 39. gxf5 Nd2+ 0-1


[Site "https://www.chess.com"]

[Event "Titled Tuesday Blitz October 31 Late 2023"]
[White "only_strong_moves"]
[Black "Balla, Tamas-Kristof"]
[BlackFideId "1208497"]
[WhiteElo "2524"]
[BlackElo "2334"]
[Result "1-0"]
[Round "2"]
[TimeControl "180+1"]
[Date "2023.10.31"]
[WhiteClock "0:02:27"]
[BlackClock "0:00:08"]
[Board "120"]

1. d4 d5 2. Nc3 Nf6 3. Bf4 a6 4. e3 e6 5. Nf3 c5 6. Be2 Nc6 7. O-O cxd4 8. exd4 Bd6 9. Ne5 O-O 10. Na4 Bxe5 11. Bxe5 Nxe5 12. dxe5 Nd7 13. Qd4 b5 14. Nc5 Nxc5 15. Qxc5 Bb7 16. c3 Rc8 17. Qd4 Qg5 18. f4 Qh6 19. f5 exf5 20. Rxf5 Rfd8 21. Raf1 Rd7 22. e6 Qxe6 23. Rg5 f6 24. Bg4 Qe7 25. Bxd7 Rc4 26. Qxf6 Qc5+ 27. Kh1 1-0


[Site "https://www.chess.com"]

[Event "Titled Tuesday Blitz October 31 Late 2023"]
[White "Freile Martin, Javier"]
[Black "Manukyan, Artyom"]
[WhiteFideId "3600165"]
[BlackFideId "13305786"]
[WhiteElo "2330"]
[BlackElo "2523"]
[Result "0-1"]
[Round "2"]
[TimeControl "180+1"]
[Date "2023.10.31"]
[WhiteClock "0:00:09"]
[BlackClock "0:00:05"]
[Board "121"]

1. c4 c5 2. Nc3 g6 3. Nf3 Bg7 4. e3 d6 5. d4 cxd4 6. exd4 Nf6 7. h3 O-O 8. Be3 d5 9. c5 b6 10. cxb6 axb6 11. Qd2 Bf5 12. Bb5 Ne4 13. Nxe4 Bxe4 14. Ng5 Bf5 15. O-O Nd7 16. g4 Be6 17. Nxe6 fxe6 18. Rfe1 e5 19. Bg5 Ra5 20. a4 e4 21. b4 Ra7 22. Rac1 Nf6 23. Rc6 Rf7 24. Rec1 Ra8 25. Rc7 Qf8 26. Rb7 h6 27. Be3 h5 28. g5 Ne8 29. Rxb6 Nd6 30. Bc6 Nc4 31. Rxc4 dxc4 32. Bd5 Kh7 33. a5 Rf3 34. Bxe4 Rxh3 35. Rxg6 Kh8 36. Kg2 Rh4 37. f3 Rc8 38. Kg3 c3 39. Qc2 Rh1 40. Kg2 Re1 41. Kf2 Rh1 42. f4 Rh2+ 43. Bg2 Qf7 44. Kg3 Rxg2+ 45. Kxg2 Qd5+ 46. Kg3 Qh1 47. d5 Qe1+ 48. Kf3 Qf1+ 49. Ke4 Qh1+ 50. Kd3 Qxd5+ 51. Ke2 Qg2+ 52. Kd3 Rd8+ 53. Kc4 Qd5# 0-1


[Site "https://www.chess.com"]

[Event "Titled Tuesday Blitz October 31 Late 2023"]
[White "Toncheva, Nadya"]
[Black "Skaric, Djuro"]
[WhiteFideId "2924056"]
[BlackFideId "934569"]
[WhiteElo "2522"]
[BlackElo "2326"]
[Result "1-0"]
[Round "2"]
[TimeControl "180+1"]
[Date "2023.10.31"]
[WhiteClock "0:01:43"]
[BlackClock "0:00:09"]
[Board "122"]

1. e4 d6 2. d4 g6 3. c4 Bg7 4. Nc3 Nf6 5. Be3 O-O 6. Be2 Nc6 7. h4 h5 8. f3 e5 9. d5 Ne7 10. Nh3 a6 11. Ng5 Bd7 12. Qd2 Rb8 13. O-O b5 14. c5 dxc5 15. Bxc5 Re8 16. b4 Nc8 17. a4 Nd6 18. axb5 axb5 19. Ra7 Bf8 20. Rfa1 Nc4 21. Bxc4 bxc4 22. Qe3 Bd6 23. R1a6 Bb5 24. Nxb5 Rxb5 25. Bxd6 cxd6 26. Nxf7 Qb8 27. Qh6 1-0


[Site "https://www.chess.com"]

[Event "Titled Tuesday Blitz October 31 Late 2023"]
[White "Buscar, Michael"]
[Black "Tologon tegin, Semetei"]
[WhiteFideId "2603616"]
[BlackFideId "13800574"]
[WhiteElo "2324"]
[BlackElo "2520"]
[Result "0-1"]
[Round "2"]
[TimeControl "180+1"]
[Date "2023.10.31"]
[WhiteClock "0:01:50"]
[BlackClock "0:01:49"]
[Board "123"]

1. e4 Nc6 2. Nf3 d5 3. exd5 Qxd5 4. Nc3 Qd8 5. d4 Bg4 6. Be2 e6 7. Be3 Nf6 8. Qd2 Bb4 9. a3 Ne4 10. Qd3 Nxc3 11. axb4 Nxe2 12. Qxe2 O-O 13. b5 Nxd4 14. Bxd4 Bxf3 15. Qxf3 Qxd4 16. Qxb7 Qe5+ 17. Kf1 Qxb2 18. Re1 Qxc2 19. h4 Qc4+ 20. Kg1 Rfb8 21. Qf3 Qxb5 22. h5 h6 23. Rh4 a5 24. Rf4 Qd7 25. Rd1 Qe7 26. Rfd4 Rd8 27. Rd7 Rxd7 28. Qxa8+ Kh7 29. Qe4+ f5 30. Rxd7 Qxd7 31. Qf3 a4 32. Kh2 Qd6+ 33. g3 a3 34. Qb3 Qa6 35. Qa2 Qb6 36. Qxa3 Qxf2+ 37. Kh3 Qf1+ 38. Kh2 Qe2+ 39. Kg1 Qxh5 0-1


[Site "https://www.chess.com"]

[Event "Titled Tuesday Blitz October 31 Late 2023"]
[White "subham777"]
[Black "Zivic, Dragan"]
[BlackFideId "904740"]
[WhiteElo "2520"]
[BlackElo "2323"]
[Result "1-0"]
[Round "2"]
[TimeControl "180+1"]
[Date "2023.10.31"]
[WhiteClock "0:02:18"]
[BlackClock "0:01:59"]
[Board "124"]

1. e4 c6 2. c4 d5 3. cxd5 cxd5 4. exd5 Nf6 5. Nc3 Nxd5 6. Nf3 Nc6 7. Bc4 Nxc3 8. bxc3 e6 9. O-O Be7 10. d4 O-O 11. Re1 Bf6 12. Bf4 b6 13. Qe2 Bb7 14. Rad1 Re8 15. Bd3 Na5 16. Ne5 Rc8 17. Bxh7+ Kxh7 18. Qh5+ Kg8 19. Qxf7+ Kh7 20. Rd3 Rc7 21. Rh3+ Bh4 22. Qh5+ Kg8 23. Rxh4 1-0


[Site "https://www.chess.com"]

[Event "Titled Tuesday Blitz October 31 Late 2023"]
[White "Urquhart, Ed"]
[Black "Tikhonov, Viacheslav"]
[WhiteFideId "2603748"]
[BlackFideId "44196407"]
[WhiteElo "2322"]
[BlackElo "2516"]
[Result "0-1"]
[Round "2"]
[TimeControl "180+1"]
[Date "2023.10.31"]
[WhiteClock "0:00:05"]
[BlackClock "0:00:06"]
[Board "125"]

1. e4 c5 2. Nc3 g6 3. f4 Bg7 4. Nf3 Nc6 5. a3 e6 6. b4 cxb4 7. axb4 d5 8. e5 Nh6 9. b5 Ne7 10. Ba3 O-O 11. d4 Nhf5 12. Bd3 h5 13. Bxf5 exf5 14. O-O Be6 15. Ne2 Qd7 16. Qd2 Rfc8 17. Rfb1 Rc4 18. c3 Rcc8 19. Ng5 Bh6 20. h4 Bf8 21. Ng3 Kg7 22. Rb3 Ng8 23. Qe2 Bxa3 24. Rbxa3 b6 25. Kh2 Nh6 26. Kh1 Ng4 27. Qa2 Rc7 28. Qb2 Rac8 29. Qb4 Ne3 30. Qd6 Nc2 31. Qxd7 Bxd7 32. Rxa7 Nxa1 33. Rxa1 Rxc3 34. Kh2 R8c7 35. Ra6 Rb7 36. Ra8 Bxb5 37. Rd8 Bd7 38. Ne2 Rc4 39. Kg3 b5 40. Kf2 b4 41. e6 Bxe6 42. Nf3 b3 43. Ne5 Rcc7 0-1


[Site "https://www.chess.com"]

[Event "Titled Tuesday Blitz October 31 Late 2023"]
[White "Slade, Theodore"]
[Black "Fernandez, Maria Florencia"]
[WhiteFideId "426547"]
[BlackFideId "116459"]
[WhiteElo "2514"]
[BlackElo "2316"]
[Result "1-0"]
[Round "2"]
[TimeControl "180+1"]
[Date "2023.10.31"]
[WhiteClock "0:00:17"]
[BlackClock "0:00:01"]
[Board "126"]

1. d4 Nf6 2. c4 g6 3. Nc3 Bg7 4. e4 d6 5. Nf3 O-O 6. Be2 e5 7. Be3 Ng4 8. Bg5 f6 9. Bh4 g5 10. Bg3 Nh6 11. h3 Nc6 12. d5 Ne7 13. Bh2 Nf7 14. g4 Ng6 15. Nd2 Nf4 16. Bg3 Ng2+ 17. Kf1 Nf4 18. f3 c6 19. Bf2 cxd5 20. cxd5 Bd7 21. Be3 a6 22. a4 b5 23. axb5 axb5 24. Bxb5 Rb8 25. Bxd7 Qxd7 26. Qc2 Rfc8 27. Kf2 Bf8 28. Kg3 Qb5 29. Rhb1 Rxc3 30. bxc3 Qe2 31. Bf2 Rc8 32. Qd1 Qd3 33. Nf1 Qxd1 34. Rxd1 Rxc3 35. Be3 h5 36. Bxf4 exf4+ 37. Kf2 Ne5 38. Nd2 hxg4 39. hxg4 Be7 40. Ra8+ Kf7 41. Rh1 Kg6 42. Rg8+ Kf7 43. Rgh8 Bf8 44. R1h7+ Ke8 45. Ra7 Rc2 46. Ra8+ Kd7 47. Rh7+ Be7 48. Ra7+ Kd8 49. Rh8+ Bf8 50. Rxf8# 1-0


[Site "https://www.chess.com"]

[Event "Titled Tuesday Blitz October 31 Late 2023"]
[White "Ward, Ieuan C"]
[Black "HeroRubiksCube"]
[WhiteFideId "406627"]
[WhiteElo "2313"]
[BlackElo "2513"]
[Result "0-1"]
[Round "2"]
[TimeControl "180+1"]
[Date "2023.10.31"]
[WhiteClock "0:01:09"]
[BlackClock "0:00:24"]
[Board "127"]

1. e4 d5 2. a3 dxe4 3. Nc3 Nf6 4. Qe2 g6 5. Nxe4 Nxe4 6. Qxe4 Bg7 7. c3 O-O 8. d4 c6 9. f4 Bf5 10. Qe3 c5 11. dxc5 e5 12. fxe5 Re8 13. Nf3 Nc6 14. Bb5 Bxe5 15. Kf1 Qd1+ 16. Ne1 Rad8 17. Be2 Qd7 18. Qf2 Na5 19. Bf4 Bxf4 20. Qxf4 Rxe2 21. Kxe2 Nb3 22. Rc1 Nxc1+ 23. Qxc1 Qb5+ 24. c4 Qxc5 25. Rf1 Re8+ 26. Kf3 Be4+ 27. Kg3 Qc7+ 28. Qf4 Qxc4 29. Nf3 Qxf1 0-1


[Site "https://www.chess.com"]

[Event "Titled Tuesday Blitz October 31 Late 2023"]
[White "Estrada Nieto, Julian"]
[Black "Shtivelband, Richard"]
[WhiteFideId "5101018"]
[BlackFideId "2017342"]
[WhiteElo "2509"]
[BlackElo "2312"]
[Result "1-0"]
[Round "2"]
[TimeControl "180+1"]
[Date "2023.10.31"]
[WhiteClock "0:00:02"]
[BlackClock "0:00:05"]
[Board "128"]

1. e4 e5 2. Nf3 Nc6 3. Bb5 Bc5 4. c3 Nf6 5. d3 Bb6 6. O-O d6 7. Na3 h6 8. Nc4 Be6 9. Nxb6 axb6 10. Re1 O-O 11. h3 Ne7 12. d4 Ng6 13. a3 Nh5 14. Bf1 Nhf4 15. Kh2 exd4 16. cxd4 d5 17. e5 Qd7 18. Be3 f6 19. exf6 Rxf6 20. Ne5 Nxe5 21. dxe5 Rf7 22. Qd2 Raf8 23. b4 Ng6 24. Bd4 Nh4 25. Qc3 Nf5 26. f3 Qe7 27. Bf2 Qg5 28. Rad1 c6 29. Qd2 Qxd2 30. Rxd2 b5 31. Bc5 Ra8 32. Rd3 Ra6 33. Bf2 g5 34. Ra1 b6 35. Rc3 Ne7 36. Rac1 Rf8 37. h4 Rf5 38. hxg5 hxg5 39. Be3 Rxe5 40. Bd4 Rf5 41. Bd3 Rf7 42. Re1 Bf5 43. Bf1 Ng6 44. Rce3 Ra8 45. Re8+ Rxe8 46. Rxe8+ Rf8 47. Re3 Nf4 48. Re7 Rf7 49. Re8+ Kh7 50. Rh8+ Kg6 51. Rd8 Rh7+ 52. Kg1 Bd3 53. Rd6+ Kf7 54. Rxc6 Bxf1 55. Kxf1 Rh1+ 56. Kf2 Ra1 57. Rxb6 Rxa3 58. Rb7+ Ke6 59. Rxb5 Ra2+ 60. Kf1 Nxg2 61. Rb6+ Kf5 62. Rf6# 1-0


[Site "https://www.chess.com"]

[Event "Titled Tuesday Blitz October 31 Late 2023"]
[White "SlippperyWhenWet"]
[Black "maksimys18"]
[WhiteElo "2312"]
[BlackElo "2505"]
[Result "1/2-1/2"]
[Round "2"]
[TimeControl "180+1"]
[Date "2023.10.31"]
[WhiteClock "0:00:13"]
[BlackClock "0:00:25"]
[Board "129"]

1. Nc3 e6 2. d4 d5 3. Nf3 f5 4. Bf4 Nf6 5. Nb5 Na6 6. e3 c6 7. Nc3 Bd6 8. Bxd6 Qxd6 9. Ne2 O-O 10. Nf4 Nc7 11. Nd3 Ne4 12. c3 Bd7 13. Nfe5 Be8 14. Be2 c5 15. f3 cxd4 16. exd4 Nf6 17. O-O Bb5 18. Qd2 Rae8 19. Rfe1 Nd7 20. Nxd7 Bxd7 21. Ne5 Re7 22. a4 Ne8 23. Bb5 Bxb5 24. axb5 a6 25. bxa6 bxa6 26. b4 Nf6 27. Ra5 Rc8 28. Rea1 Rec7 29. Rxa6 Qe7 30. R6a3 Nd7 31. Nxd7 Qxd7 32. Rb1 Qb5 33. Ra5 Qc4 34. Rc5 Rxc5 35. bxc5 h6 36. Qe3 Rc6 37. h4 Kh7 38. h5 f4 39. Qxf4 Qxc3 40. Rb7 Ra6 41. Qe5 Qc1+ 42. Kh2 Qg5 43. Qxg5 hxg5 44. Rb6 Ra4 45. Rxe6 Rxd4 46. Rd6 Rd2 47. Kh3 d4 48. g4 d3 49. c6 Rc2 50. Rxd3 Rxc6 51. Rd5 Kh6 52. Kg3 Ra6 53. Rd8 Kh7 54. Rf8 Ra1 55. Rf5 Kh6 56. Rc5 Rg1+ 57. Kh3 Rf1 58. Kg2 Ra1 59. Rc6+ Kh7 60. Rg6 Ra5 61. Kf2 Rb5 62. Ke3 Ra5 63. Ke4 Rb5 64. Re6 Ra5 65. Re5 Ra4+ 66. Ke3 Kh6 67. Re6+ Kh7 68. Re4 Ra3+ 69. Kf2 Ra2+ 70. Kg3 Ra5 71. Rd4 Ra3 72. Rd5 Kh6 73. Rd6+ Kh7 74. Kf2 Ra2+ 75. Ke3 Ra3+ 76. Ke4 Ra4+ 77. Ke5 Ra3 78. Kf5 Ra5+ 79. Ke4 Ra4+ 80. Rd4 Ra3 81. Rd5 Kh6 82. Rd6+ Kh7 83. Rg6 Ra4+ 84. Ke5 Ra5+ 85. Ke6 Ra6+ 86. Kf5 Ra5+ 87. Ke4 Ra4+ 88. Ke3 Ra5 89. Re6 Ra1 90. Ke4 Ra5 91. Re5 Ra4+ 92. Kf5 Rf4+ 93. Kxg5 Rxf3 94. Re7 Rf6 95. Ra7 Rb6 96. Rf7 Rb5+ 97. Rf5 Rb6 98. Kh4 Kh6 99. g5+ Kh7 100. g6+ Kh6 101. Rf4 Rb1 102. Rf8 Rb4+ 103. Kg3 Kxh5 104. Rf5+ Kxg6 105. Rc5 Kf6 106. Kf3 g6 107. Kg3 Kg7 108. Rc3 Kh6 109. Kg2 Kh5 110. Kg3 g5 111. Kh3 Rb1 112. Kg3 Rg1+ 113. Kh3 Rh1+ 114. Kg3 Re1 115. Rc4 Re3+ 116. Kg2 g4 117. Rc1 Kh4 118. Kg1 Kg3 119. Ra1 Kh3 120. Rb1 g3 121. Ra1 Rf3 122. Rb1 Re3 123. Ra1 Kg4 124. Rb1 Kf3 125. Ra1 Ke2 126. Ra2+ Kf3 127. Ra1 g2 128. Rb1 Kg3 129. Ra1 Rf3 130. Rb1 Rf1+ 131. Rxf1 gxf1=Q+ 132. Kxf1 1/2-1/2


[Site "https://www.chess.com"]

[Event "Titled Tuesday Blitz October 31 Late 2023"]
[White "Korkmaz, Necmettin"]
[Black "Lalanne, Pablo"]
[WhiteFideId "6303285"]
[BlackFideId "112151"]
[WhiteElo "2503"]
[BlackElo "2312"]
[Result "0-1"]
[Round "2"]
[TimeControl "180+1"]
[Date "2023.10.31"]
[WhiteClock "0:00:33"]
[BlackClock "0:00:51"]
[Board "130"]

1. e4 c5 2. Nc3 Nc6 3. f4 g6 4. Nf3 Bg7 5. Bc4 e6 6. O-O Nge7 7. d3 O-O 8. Qe1 d5 9. Bb3 Rb8 10. f5 b5 11. a3 c4 12. Ba2 b4 13. axb4 Nxb4 14. Bf4 Nxc2 15. Qc1 Nxa1 16. Bxb8 Qb6+ 17. Kh1 Qxb8 18. Qxa1 cxd3 19. exd5 Nxd5 20. Nxd5 exd5 21. fxg6 hxg6 22. Bxd5 Qxb2 23. Qxa7 Bf5 24. Ng5 Qf6 25. Qe3 Bh6 26. h4 Bxg5 27. hxg5 Qd6 28. Qd4 Rd8 29. Rxf5 gxf5 30. g6 Qxd5 31. gxf7+ Kxf7 0-1


[Site "https://www.chess.com"]

[Event "Titled Tuesday Blitz October 31 Late 2023"]
[White "The_Straightforward_Rook"]
[Black "Harriott, Tyrell"]
[BlackFideId "2086484"]
[WhiteElo "2500"]
[BlackElo "2311"]
[Result "1-0"]
[Round "2"]
[TimeControl "180+1"]
[Date "2023.10.31"]
[WhiteClock "0:00:36"]
[BlackClock "0:00:11"]
[Board "131"]

1. e4 d5 2. exd5 Nf6 3. Bb5+ Nbd7 4. Nc3 a6 5. Be2 Nb6 6. Nf3 Nbxd5 7. Nxd5 Qxd5 8. O-O Bg4 9. c4 Qh5 10. h3 O-O-O 11. hxg4 Nxg4 12. d3 e6 13. Bf4 Bd6 14. Bxd6 Rxd6 15. c5 Rd5 16. c6 b6 17. Qa4 a5 18. Qf4 Rf5 19. Qg3 Rd8 20. Nh2 Qxh2+ 21. Qxh2 Nxh2 22. Kxh2 Re5 23. Rfe1 Rc5 24. Rac1 Rxc1 25. Rxc1 Rd6 26. a3 Kb8 27. b4 a4 28. Kg1 Ka7 29. Kf1 f6 30. Ke1 e5 31. Rc4 b5 32. Rh4 h6 33. Kd2 Kb6 34. Bf3 f5 35. Rh5 e4 36. Be2 Rd5 37. Kc3 exd3 38. Bxd3 g6 39. Rxh6 Re5 40. Rxg6 Rd5 41. f3 Re5 42. Rg5 Rd5 43. Rxf5 Rd6 44. Be4 Rh6 45. g4 Rh1 46. g5 Ra1 47. Kb2 Re1 48. g6 Re3 49. g7 Rb3+ 50. Ka2 Rc3 51. g8=Q Ka6 52. Qa8+ 1-0


[Site "https://www.chess.com"]

[Event "Titled Tuesday Blitz October 31 Late 2023"]
[White "Shapiro, Daniel"]
[Black "Shohat, Yotam"]
[WhiteFideId "2001780"]
[BlackFideId "2813955"]
[WhiteElo "2308"]
[BlackElo "2496"]
[Result "1-0"]
[Round "2"]
[TimeControl "180+1"]
[Date "2023.10.31"]
[WhiteClock "0:00:41"]
[BlackClock "0:00:00"]
[Board "132"]

1. d4 Nf6 2. c4 e6 3. g3 Bb4+ 4. Bd2 Be7 5. Nf3 d5 6. Bg2 O-O 7. Qc2 Nbd7 8. O-O c6 9. Rd1 b6 10. Bf4 a5 11. Nc3 dxc4 12. Nd2 Ba6 13. Bxc6 Rc8 14. Ba4 Nd5 15. Nxd5 exd5 16. Qf5 Nf6 17. Bc2 Rc6 18. Nf3 Bc8 19. Qg5 Ng4 20. Qh5 g6 21. Qh3 Ne3 22. Qh6 Nxc2 23. Ne5 Re6 24. Kg2 f6 25. Nxg6 Rf7 26. Nh4 Rxe2 27. Qh5 Re4 28. Rd2 Nxd4 29. Be3 Ne6 30. Nf5 Ng7 31. Nh6+ 1-0


[Site "https://www.chess.com"]

[Event "Titled Tuesday Blitz October 31 Late 2023"]
[White "Ardila, Oscar Humberto"]
[Black "Pinero Rodriguez, Carlos Jose"]
[WhiteFideId "4404742"]
[BlackFideId "3901726"]
[WhiteElo "2303"]
[BlackElo "2493"]
[Result "0-1"]
[Round "2"]
[TimeControl "180+1"]
[Date "2023.10.31"]
[WhiteClock "0:00:09"]
[BlackClock "0:00:09"]
[Board "133"]

1. d4 Nf6 2. c4 e6 3. Nc3 Bb4 4. Bd2 d5 5. Nf3 O-O 6. e3 c5 7. a3 Bxc3 8. Bxc3 Ne4 9. Rc1 cxd4 10. Bxd4 Nc6 11. cxd5 exd5 12. Be2 Nxd4 13. Qxd4 a6 14. O-O Be6 15. Rfd1 Qe7 16. Qb6 Rac8 17. Nd4 Nf6 18. Bf3 g6 19. h3 Kg7 20. b4 Rfd8 21. a4 h5 22. b5 axb5 23. axb5 g5 24. Nxe6+ fxe6 25. Rxc8 Rxc8 26. Ra1 g4 27. hxg4 hxg4 28. Be2 Rc7 29. Qd4 e5 30. Qb2 Qd6 31. Ra7 b6 32. Ra8 d4 33. exd4 exd4 34. Qd2 Qe5 35. Bd3 g3 36. Rd8 Ng4 37. fxg3 Ne3 38. Qf2 Rf7 39. Qe2 Qxg3 40. Be4 Rf1+ 41. Qxf1 Nxf1 42. Kxf1 Qf4+ 43. Bf3 Qe3 44. Rd7+ Kf6 45. Rd6+ Ke7 46. Rxb6 d3 47. Rb7+ Kd6 48. Rb8 d2 49. Rd8+ Kc7 50. Rd5 Qe1# 0-1


[Site "https://www.chess.com"]

[Event "Titled Tuesday Blitz October 31 Late 2023"]
[White "Urbina Perez, Juan Antonio"]
[Black "Fernandez Siles, Luis"]
[WhiteFideId "2217368"]
[BlackFideId "2209420"]
[WhiteElo "2493"]
[BlackElo "2298"]
[Result "1/2-1/2"]
[Round "2"]
[TimeControl "180+1"]
[Date "2023.10.31"]
[WhiteClock "0:00:43"]
[BlackClock "0:00:47"]
[Board "134"]

1. d4 Nf6 2. c4 g6 3. Nf3 Bg7 4. Nc3 d5 5. Bf4 O-O 6. e3 c5 7. dxc5 Qa5 8. Qd2 dxc4 9. Bxc4 Qxc5 10. Be2 Nc6 11. O-O Rd8 12. Qc1 e5 13. Bg5 Bf5 14. Bxf6 Bxf6 15. Ne4 Qe7 16. Nxf6+ Qxf6 17. Rd1 e4 18. Nd2 Rac8 19. Nb3 Nd4 20. Nxd4 Rxc1 21. Rdxc1 Rc8 22. Rxc8+ Bxc8 23. Rc1 Bd7 24. Rc7 Qd6 25. Rc2 h5 26. h3 Qb6 27. Bc4 Ba4 28. Bb3 Bxb3 29. Nxb3 Qa6 30. a3 Qd3 31. Nd4 Kg7 32. h4 Qd1+ 33. Kh2 Qg4 34. g3 Qd1 35. Kg2 1/2-1/2


[Site "https://www.chess.com"]

[Event "Titled Tuesday Blitz October 31 Late 2023"]
[White "Szente Varga, Fruzsina"]
[Black "Czerw, Dawid"]
[WhiteFideId "712264"]
[BlackFideId "1145746"]
[WhiteElo "2298"]
[BlackElo "2492"]
[Result "0-1"]
[Round "2"]
[TimeControl "180+1"]
[Date "2023.10.31"]
[WhiteClock "0:00:00"]
[BlackClock "0:00:11"]
[Board "135"]

1. e4 c5 2. Nf3 g6 3. e5 Nc6 4. Bb5 Bg7 5. Qe2 Qc7 6. Bxc6 dxc6 7. d3 Bg4 8. Bf4 e6 9. Nc3 Bxf3 10. gxf3 Ne7 11. Ne4 O-O 12. Bg3 Nf5 13. f4 Nd4 14. Qd1 Qb6 15. O-O Rfd8 16. Nd6 Rxd6 17. exd6 Rd8 18. c3 Nf5 19. Qb3 Qa6 20. Qc4 Qxc4 21. dxc4 Rxd6 22. Rad1 Kf8 23. f3 Ke7 24. Bf2 b6 25. b4 cxb4 26. cxb4 Nd4 27. Kg2 c5 28. bxc5 bxc5 29. Rb1 Ra6 30. Rb7+ Kf6 31. Bh4+ g5 32. fxg5+ Kg6 33. Rf2 Nf5 34. Bg3 Bd4 35. Re2 Ne3+ 36. Kh3 Nxc4 37. Bf4 Ra3 38. Kg4 e5 39. Bc1 Rc3 40. Bd2 Rc2 41. h4 h5+ 42. gxh6 Rxd2 43. h5+ Kxh6 44. Rxd2 Nxd2 45. Rxf7 c4 46. Rf6+ Kg7 47. Rc6 c3 48. h6+ Kf7 49. Kh5 Nxf3 50. h7 e4 51. Rc7+ Ke6 52. Rxa7 c2 53. Rc7 Ne1 54. a4 e3 55. a5 e2 56. a6 Nd3 0-1


[Site "https://www.chess.com"]

[Event "Titled Tuesday Blitz October 31 Late 2023"]
[White "Schut, Han"]
[Black "Tworuszka, Michal"]
[WhiteFideId "1005561"]
[BlackFideId "1117858"]
[WhiteElo "2289"]
[BlackElo "2486"]
[Result "0-1"]
[Round "2"]
[TimeControl "180+1"]
[Date "2023.10.31"]
[WhiteClock "0:00:00"]
[BlackClock "0:00:01"]
[Board "136"]

1. e4 c5 2. Nf3 d6 3. d4 cxd4 4. Nxd4 Nf6 5. f3 e5 6. Bb5+ Bd7 7. Bxd7+ Qxd7 8. Nf5 d5 9. Bg5 d4 10. c3 Nc6 11. O-O Bc5 12. Kh1 Ne7 13. Nxg7+ Kf8 14. Bxf6 Rg8 15. Bxe7+ Qxe7 16. Nf5 Qg5 17. g3 Rd8 18. cxd4 Bxd4 19. Qb3 h5 20. Qb4+ Ke8 21. h4 Qf6 22. Nc3 Rxg3 23. Nxg3 Qxh4+ 24. Kg2 Qg5 25. Rh1 h4 26. Rxh4 Qxh4 27. Rh1 Qf6 28. Nd5 Qg7 29. Rh4 Rd7 30. Rg4 Qh8 31. Qb5 a6 32. Qb6 Bxb6 33. Nxb6 Rd2+ 34. Kf1 Kd8 35. Ke1 Rxb2 36. Nc4 Rxa2 37. Nd6 Kd7 38. Nxf7 Qh2 39. Nxe5+ Ke6 40. Nd3 Ra1+ 0-1


[Site "https://www.chess.com"]

[Event "Titled Tuesday Blitz October 31 Late 2023"]
[White "Bilan, Danila"]
[Black "Fominykh, Maria"]
[WhiteFideId "24161918"]
[BlackFideId "4142411"]
[WhiteElo "2480"]
[BlackElo "2284"]
[Result "0-1"]
[Round "2"]
[TimeControl "180+1"]
[Date "2023.10.31"]
[WhiteClock "0:00:00"]
[BlackClock "0:00:10"]
[Board "137"]

1. d4 Nf6 2. Nf3 g6 3. Bg5 Bg7 4. c3 d6 5. Nbd2 Nbd7 6. e4 e5 7. Bc4 h6 8. Bh4 c6 9. O-O O-O 10. a4 Qc7 11. Qc2 Nh5 12. Rad1 a6 13. Rfe1 b5 14. Bb3 Ndf6 15. Nf1 Bg4 16. Ne3 Bxf3 17. gxf3 Qc8 18. Bg3 Re8 19. dxe5 dxe5 20. Rd2 Nxg3 21. hxg3 h5 22. Kg2 Bh6 23. Rd6 Kg7 24. Red1 Ra7 25. Qe2 Rd7 26. axb5 axb5 27. Nc2 Rxd6 28. Rxd6 Rd8 29. Qd3 Re8 30. Nb4 c5 31. Nd5 c4 32. Qd1 Nxd5 33. Qxd5 cxb3 34. Rd7 Rf8 35. Qxe5+ Kg8 36. Qxb5 Qb8 37. Qd5 Bg7 38. Rb7 Qc8 39. Qxb3 Qd8 40. Qd5 Qc8 41. c4 h4 42. b4 h3+ 43. Kh2 Bf6 44. c5 Kg7 45. e5 Bg5 46. f4 Bd8 47. e6 Bf6 48. e7 Re8 0-1


[Site "https://www.chess.com"]

[Event "Titled Tuesday Blitz October 31 Late 2023"]
[White "Jahnz, Fabian"]
[Black "Willy, Stephen"]
[WhiteFideId "4653300"]
[BlackFideId "30981468"]
[WhiteElo "2279"]
[BlackElo "2477"]
[Result "0-1"]
[Round "2"]
[TimeControl "180+1"]
[Date "2023.10.31"]
[WhiteClock "0:00:09"]
[BlackClock "0:00:17"]
[Board "138"]

1. e4 c6 2. Nc3 d5 3. Nf3 g5 4. Nxg5 b5 5. exd5 b4 6. Ne2 Qxd5 7. Nf3 Bg4 8. Ng3 Nf6 9. h3 Bxf3 10. Qxf3 Qxf3 11. gxf3 Nbd7 12. d4 O-O-O 13. Be3 Nd5 14. Ba6+ Kc7 15. Ke2 e6 16. Rhg1 f5 17. Nh5 Bd6 18. f4 Rhg8 19. Bc4 N7b6 20. Bb3 Rg6 21. Kf3 Rh6 22. Rg7+ Rd7 23. Rxd7+ Nxd7 24. Bxd5 cxd5 25. Ng7 Rg6 26. Ne8+ Kc6 27. Nxd6 Kxd6 28. a3 Kc7 29. axb4 Kb7 30. b3 Nf6 31. c4 Rh6 32. Kg2 Ne4 33. Ra5 Rg6+ 34. Kh2 dxc4 35. bxc4 Nc3 36. Re5 Ne2 37. d5 Ng1 38. f3 Nxf3+ 39. Kh1 Nxe5 40. fxe5 exd5 41. cxd5 Rg3 42. Bf4 Rxh3+ 43. Kg2 Rd3 44. e6 Kc8 45. e7 Kd7 46. d6 Rd4 47. Be3 Rxd6 48. Bxa7 Rd3 49. Bc5 h5 50. b5 Rd5 51. Ba3 Rxb5 52. Bc1 Kxe7 53. Bg5+ Kf7 54. Bh4 Ke6 55. Bg5 Ke5 56. Kf3 Rb3+ 57. Kf2 Ke4 58. Bh6 f4 59. Kf1 Rb2 60. Bg5 Kf3 61. Kg1 Rg2+ 62. Kh1 Rxg5 63. Kh2 Ke4 64. Kh1 f3 0-1


[Site "https://www.chess.com"]